 Dungeon Crawl Stone Soup version 0.21.1-1-g345015f (webtiles) character file.

68 Mgcat the Poker (level 4, -6/36 HPs)
             Began as a Demonspawn Gladiator on Mar 11, 2018.
             Killed by divine providence
             ... invoked by an orc priest
              (14 damage)
             ... on level 3 of the Dungeon.
             The game lasted 00:03:18 (2087 turns).

Mgcat the Poker (Demonspawn Gladiator)              Turns: 2087, Time: 00:03:19

Health: -6/36      AC:  6    Str: 15    XL:     4   Next: 1%
Magic:  4/4        EV: 12    Int: 10    God:
Gold:   103        SH:  0    Dex: 16    Spells: 3/3 levels left

rFire    . . .     SeeInvis .   a - +0 trident
rCold    . . .     Gourm    .   (no shield)
rNeg     . . .     Faith    .   e - +0 ring mail
rPois    .         Spirit   .   (helmet restricted)
rElec    .         Reflect  .   (no cloak)
rCorr    .         Harm     .   (no gloves)
MR       .....                  (no boots)
Stlth    +.........             (no amulet)
HPRegen  0.12/turn              b - +2 ring of dexterity
MPRegen  0.09/turn              (no ring)

@: no status effects
A: antennae 1, rugged brown scales 1
a: no special abilities


You were on level 3 of the Dungeon.
You were not hungry.

You visited 1 branch of the dungeon, and saw 3 of its levels.

You collected 103 gold pieces.

Inventory:

Hand Weapons
 a - a +0 trident (weapon)
Missiles
 d - 3 throwing nets {=f, !d}
 l - 5 tomahawks (quivered)
Armour
 e - a +0 ring mail (worn)
   (You found it on level 1 of the Dungeon)
 i - a +0 leather armour
   (You found it on level 1 of the Dungeon)
Jewellery
 b - a +2 ring of dexterity (left hand)
   (You found it on level 1 of the Dungeon)
Scrolls
 c - 5 scrolls of identify {unknown}
 h - 2 scrolls of teleportation
Potions
 j - a potion of flight {unknown}
 k - a potion of curing {unknown}
Comestibles
 f - 3 rations
 g - 3 chunks of flesh {@w0}


   Skills:
 + Level 3.3 Fighting
 + Level 3.6 Polearms
 - Level 1.7 Throwing
 - Level 2.6 Dodging


You had 3 spell levels left.
You didn't know any spells.

Dungeon Overview and Level Annotations

Branches:
Dungeon (3/15)

Altars:


Innate Abilities, Weirdness & Mutations

You have a pair of small antennae on your head.
You are partially covered in rugged brown scales. (AC +1, +3% HP)


Message History

You open the door.
A ball python comes into view.
The ball python hisses angrily.
There is an open door here.
You closely miss the ball python. The ball python misses you.
The ball python barely misses you.
You puncture the ball python!
You kill the ball python!
No target in view!
No target in view!
You butcher the ball python corpse.
g - 4 chunks of flesh {@w0} (gained 2)
There is an open door here.
You open the door.
Eating one of 4 chunks of flesh {@w0}.
You eat one of the 4 chunks of flesh {@w0}.
This raw flesh tastes terrible.
You see here a stone.
Things that are here:
a club; a dagger Key pressed, stopping explore.
Unknown command.
(D) Dungeon
Where to? (Enter - D:2, ? - help)
What level of the Dungeon? (default 1, ? - help)
Things that are here:
a club; a dagger
Found an escape hatch in the ceiling.
Found an escape hatch in the floor.
There is a stone staircase leading down here.
You climb downwards. 2 jackals come into view.
The jackal barks!
There is a stone staircase leading up here.
An orc comes into view.
There is a stone staircase leading up here.
Attack whom?
Press: ? - help, Dir - move target cursor, f - jackal
Aim: a jackal You reach to attack!
You closely miss the jackal.
The orc shouts!
You hear a shout! x2
The jackal misses you.
The jackal bites you but does no damage.
You hear a shout!
An orc priest comes into view. It is wielding a falchion.
You closely miss the jackal. The jackal closely misses you.
The jackal bites you but does no damage.
You hit the jackal.
The jackal is severely wounded.
The jackal bites you but does no damage. x2
The jackal misses you. The jackal closely misses you.
You closely miss the jackal.
The jackal is severely wounded.
The jackal closely misses you.
The jackal bites you but does no damage.
Attack whom?
Press: ? - help, Dir - move target cursor, f - orc priest, p - jackal
Aim: an orc priest, wielding a falchion The jackal is in the way.
You puncture the jackal!
You kill the jackal!
You have reached level 4!
You feel clever. The jackal bites you.
The orc priest invokes the aid of Beogh against you.
Beogh smites you! The jackal misses you.
Unknown command.
Attack whom?
Press: ? - help, Dir - move target cursor, f/p - orc priest
Aim: an orc priest, wielding a falchion You reach to attack!
You hit the orc priest.
The orc priest is heavily wounded.
The jackal bites you.
Attack whom?
Press: ? - help, Dir - move target cursor, f/p - orc priest
Aim: an orc priest, wielding a falchion (heavily wounded)
You barely miss the orc priest.
The orc priest is heavily wounded.
The jackal bites you.
The orc priest hits you but does no damage.
The jackal bites you but does no damage.
Attack whom?
Press: ? - help, Dir - move target cursor, f/p - orc priest
Aim: an orc priest, wielding a falchion (heavily wounded)
You closely miss the orc priest.
The orc priest is heavily wounded.
The jackal barely misses you. The orc priest closely misses you.
The jackal bites you but does no damage.
An orc comes into view.
Attack whom?
Press: ? - help, Dir - move target cursor, f/p - orc priest
Aim: an orc priest, wielding a falchion (heavily wounded)
You hit the orc priest.
The orc priest is heavily wounded.
The orc priest invokes the aid of Beogh against you.
Pain shoots through your body!
* * * LOW HITPOINT WARNING * * *
The jackal bites you but does no damage.
The orc priest invokes the aid of Beogh against you.
Beogh smites you!
You die...

#.# ..# ###.##
# ....### #.
#...+.## #..
#......#
#...#......#.#
#.....ohoo...(
#....#@#.#....
#... ### # .
#.. ... .. #


You could see an orc priest, 2 orcs and a jackal.

Vanquished Creatures
  2 adders (D:2)
  2 oozes (D:1)
  A worm (D:2)
  2 dart slugs (D:1)
  A giant cockroach (D:1)
  9 goblins
  3 hobgoblins
  A jackal (D:3)
  A ball python (D:2)
  4 bats
  2 frilled lizards
  4 kobolds
  4 rats
36 creatures vanquished.

Notes
Turn   | Place    | Note
-------+----------+-------------------------------------------
     0 | D:1      | Mgcat the Demonspawn Gladiator began the quest for the Orb.
     0 | D:1      | Reached XP level 1. HP: 16/16 MP: 1/1
    38 | D:1      | Reached skill level 3 in Polearms
    60 | D:1      | Gained mutation: You have a pair of small antennae on your head. [demonic ancestry]
    60 | D:1      | Reached XP level 2. HP: 6/23 MP: 2/2
  1003 | D:1      | Gained mutation: You are partially covered in rugged brown scales. (AC +1, +3% HP) [demonic ancestry]
  1003 | D:1      | Reached XP level 3. HP: 23/28 MP: 3/3
  1357 | D:2      | Reached skill level 3 in Fighting
  2083 | D:3      | Reached XP level 4. HP: 36/36 MP: 4/4
  2087 | D:3      | HP: 8/36 [orc priest/nerve-wracking pain (13)]
  2087 | D:3      | Killed from afar by an orc priest

Skill      XL: |  1  2  3 |
---------------+----------+-----
Polearms       | 3 |  3.6
Fighting       | 3 |  3.3
Throwing       | |  1.7
Dodging        | |  2.6

Action                   |  1- 3 |  4- 6 || total
-------------------------+-------+-------++-------
Melee: Trident           |   132 |     4 ||   136
  Use: Scroll            |     2 |       ||     2
 Stab: Sleeping          |     1 |       ||     1
  Eat: Chunk             |     4 |       ||     4
Armor: Leather armour    |     2 |       ||     2
       Ring mail         |    29 |     3 ||    32
Dodge: Dodged            |    67 |     3 ||    70

Vault maps used:
D:1:      erik_arrival_gehennom, serial_co_window_serial, co_window_paths_a,
          co_window_corner_a, co_window_corner_a, co_window_corner_a,
          co_window_corner_a, co_window_corner_b, co_window_corner_b,
          co_window_2corner, co_window_corner_b, co_window_corner_ca,
          co_window_unsneaky_path_c, glass_columns_b, glass_columns_b
D:2:      first_ration
D:3:      okawaru_trees_1, chequers_ecumenical_altar_grove,
          kennysheep_another_room, nemelex_diamond_rough_becter

Table legend:
 A = Turns spent in this place as a percentage of turns spent in the entire game.
 B = Non-inter-level travel turns spent in this place as a percentage of non-inter-level travel turns spent in the entire game.
 C = Inter-level travel turns spent in this place as a percentage of turns spent in this place.
 D = Turns resting spent in this place as a percentage of non-inter-level travel turns spent in this place.
 E = Turns spent auto-exploring this place as a percentage of non-inter-level travel turns spent in this place.
 F = Non-inter-level travel turns spent in this place divided by the number of levels of this place that you've seen.
                   A       B       C       D       E      F
               +-------+-------+-------+-------+-------+----------------------
         Total | 100.0 | 100.0 |   3.1 |   0.0 |  85.8 | 674.3
       Dungeon | 100.0 | 100.0 |   3.1 |   0.0 |  85.8 | 674.3
               +-------+-------+-------+-------+-------+----------------------

Table legend:
 A = Kills in this place as a percentage of kills in entire the game.
 B = Kills by you in this place as a percentage of kills by you in the entire game.
 C = Kills by friends in this place as a percentage of kills by friends in the entire game.
 D = Other kills in this place as a percentage of other kills in the entire game.
 E = Experience gained in this place as a percentage of experience gained in the entire game.
 F = Experience gained in this place divided by the number of levels of this place that you have seen.
                   A       B       C       D       E      F
               +-------+-------+-------+-------+-------+----------------------
         Total | 100.0 | 100.0 |   N/A |   N/A | 100.0 |  32.7
       Dungeon | 100.0 | 100.0 |   N/A |   N/A | 100.0 |  32.7
               +-------+-------+-------+-------+-------+----------------------
